 Dungeon Crawl Stone Soup version 0.18.1-47-g9310371 (webtiles) character file.

502 Vincendra the Basher (level 6, -3/51 HPs)
             Began as a Minotaur Fighter on June 21, 2016.
             Was a Follower of Okawaru.
             Slain by a gnoll sergeant
             ... wielding a +0 trident
              (6 damage)
             ... on level 4 of the Dungeon.
             The game lasted 00:08:16 (3459 turns).

Vincendra the Basher (Minotaur Fighter)             Turns: 3459, Time: 00:08:16

Health: -3/51      AC: 12    Str: 22    XL:     6   Next: 95%
Magic:  5/5        EV:  7    Int:  5    God:    Okawaru [*.....]
Gold:   141        SH: 10    Dex: 10    Spells: 0 memorised, 5 levels left

rFire  . . .     SeeInvis .     a - +1 flail
rCold  . . .     Gourm    .     b - +0 scale mail
rNeg   . . .     Faith    .     c - +1 shield
rPois  .         Spirit   .     o - +2 hat
rElec  .         Dismiss  .     (no cloak)
rCorr  .         Reflect  .     (no gloves)
SustAt .         Harm     .     e - +0 pair of boots
MR     .....                    (no amulet)
Stlth  ..........               (no ring)
                                x - +2 ring of protection

@: not resistant to hostile enchantments, extremely unstealthy
A: retaliatory headbutt, horns 2
a: Heroism, Renounce Religion


You were on level 4 of the Dungeon.
You worshipped Okawaru.
Okawaru was aware of your devotion.
You were hungry.

You visited 1 branch of the dungeon, and saw 4 of its levels.

You collected 141 gold pieces.

Inventory:

Hand Weapons
 a - a +1 flail (weapon)
Armour
 b - a +0 scale mail (worn)
 c - a +1 shield (worn)
 e - a +0 pair of boots (worn)
 o - a +2 hat (worn)
Jewellery
 x - a +2 ring of protection (left hand)
Wands
 w - a wand of flame (8/48)
Scrolls
 g - a scroll of enchant armour
 i - a scroll of magic mapping {unknown}
 n - a scroll of teleportation
 p - a scroll of fog {unknown}
 q - a scroll of remove curse
 r - a scroll of blinking {unknown}
 t - 2 scrolls of identify
 y - a scroll of noise {unknown}
Potions
 d - a potion of might
 h - 3 potions of flight {unknown}
 j - a potion of cure mutation {unknown}
 k - a potion of heal wounds {unknown}
 l - a potion of curing {unknown}
 m - a potion of brilliance {unknown}
 v - a potion of lignification {unknown}
 z - a potion of resistance {unknown}
 A - a potion of agility {unknown}
Comestibles
 f - 5 bread rations
 s - a meat ration
 u - 2 fruits


   Skills:
 - Level 3.6 Fighting
 + Level 9.1 Maces & Flails
 - Level 3.6 Armour
 - Level 3.6 Shields


You had 5 spell levels left.
You didn't know any spells.

Dungeon Overview and Level Annotations

Branches:
Dungeon (4/15)
 Temple: D:4-7

Altars:
Gozag
Okawaru
Pakellas
Trog


Innate Abilities, Weirdness & Mutations

You reflexively headbutt those who attack you in melee.
You have a pair of horns on your head.


Message History

The gnoll hits you but does no damage.
The gnoll sergeant hits you from afar with a trident.
You hit the gnoll but do no damage. You headbutt the gnoll.
You kill the gnoll!
Okawaru accepts your kill.
The gnoll sergeant hits you with a trident!
* * * LOW HITPOINT WARNING * * *
There is an open door, spattered with blood here.
Items here: ))) †† a whip x2; a flail; a gnoll corpse x2
You sock the gnoll sergeant!
Your headbutt misses the gnoll sergeant.
The gnoll sergeant is heavily wounded.
The gnoll sergeant hits you with a trident.
* * * LOW HITPOINT WARNING * * *
You hit the gnoll sergeant but do no damage.
You headbutt the gnoll sergeant.
The gnoll sergeant is heavily wounded.
The gnoll sergeant hits you with a trident.
You die...

#..# #...........##.##..
#########+##+####.........
#............#(........#
#............#......#...
#...##..##..('......#...
##..##..##...#......#...
##...#..##.<##..##.##..#
#....#..######..##.##..#
#...###@##..............
######.g##..............
#..##########.##..#
#....)..##..######.#####
#....#..#..........#...#
#....#..#..........'...#
#.## #..#..........#.... #
#..#..........#....
#..##....###..###'#


You could see a gnoll sergeant.

Vanquished Creatures
  Menkaure (D:4)
  A hound (D:4)
  An orc wizard (D:4)
  Jessica (D:3)
  A worker ant (D:4)
  Natasha (D:3)
  Robin (D:3)
  9 gnolls
  4 adders
  2 oozes
  3 worms (D:2)
  4 dart slugs
  5 giant geckos
  3 orcs
  2 ball pythons
  6 bats
  8 giant cockroaches
  15 goblins
  13 hobgoblins
  2 quokkas
  8 giant newts
  5 kobolds
  A quokka skeleton (D:4)
  7 rats
104 creatures vanquished.

Vanquished Creatures (others)
  4 toadstools (D:1)
4 creatures vanquished.

Grand Total: 108 creatures vanquished

Notes
Turn   | Place    | Note
--------------------------------------------------------------
     0 | D:1      | Vincendra the Minotaur Fighter began the quest for the Orb.
     0 | D:1      | Reached XP level 1. HP: 19/19 MP: 0/0
    82 | D:1      | Reached skill level 3 in Maces & Flails
   154 | D:1      | Reached XP level 2. HP: 22/26 MP: 1/1
   399 | D:1      | Reached skill level 4 in Maces & Flails
   583 | D:1      | Reached XP level 3. HP: 31/31 MP: 2/2
   895 | D:2      | Found an iron altar of Okawaru.
   918 | D:2      | Became a worshipper of Warmaster Okawaru
  1047 | D:2      | Reached skill level 5 in Maces & Flails
  1214 | D:2      | Found an oddly glowing altar of Pakellas.
  1227 | D:2      | Reached XP level 4. HP: 39/39 MP: 3/3
  1475 | D:2      | Found an opulent altar of Gozag.
  1757 | D:3      | Reached skill level 6 in Maces & Flails
  2013 | D:3      | Found a bloodstained altar of Trog.
  2250 | D:3      | Noticed Natasha
  2255 | D:3      | Killed Natasha
  2255 | D:3      | Reached XP level 5. HP: 43/45 MP: 4/4
  2386 | D:3      | Noticed Jessica
  2390 | D:3      | Killed Jessica
  2455 | D:3      | Reached skill level 7 in Maces & Flails
  2461 | D:3      | Noticed Robin
  2473 | D:3      | Killed Robin
  2880 | D:4      | Reached XP level 6. HP: 39/51 MP: 5/5
  2964 | D:4      | Reached skill level 8 in Maces & Flails
  2978 | D:4      | Noticed Menkaure
  2983 | D:4      | Killed Menkaure
  2983 | D:4      | Reached * piety under Okawaru
  3442 | D:4      | Reached skill level 9 in Maces & Flails
  3459 | D:4      | Slain by a gnoll sergeant

Skill      XL: |  1  2  3  4  5  6 |
---------------+-------------------+-----
Maces & Flails | 3 4 5 6 7 9 |  9.1
Fighting       | |  3.6
Armour         | |  3.6
Shields        | |  3.6

Action                   |  1- 3 |  4- 6 || total
-------------------------+-------+-------++-------
Melee: Flail             |    90 |   173 ||   263
       Headbutt          |    11 |    20 ||    31
  Use: Scroll            |     2 |     4 ||     6
  Eat: Chunk             |     1 |     5 ||     6
       Beef jerky        |       |     1 ||     1
Armor: Scale mail        |    45 |    62 ||   107
Dodge: Dodged            |    33 |    40 ||    73
Block: Shield            |    48 |    71 ||   119
